Map: Battle on the Boardwalk LE

Players

Bly

  • Race: Zerg Zerg
  • League: Grandmaster
  • Spawn Location: 1:00

LiquidTLO (TLO) - Winner!

  • Race: Zerg Zerg
  • League: Grandmaster
  • Spawn Location: 11:00

Event: HomeStory Cup XVI

VOD

Have the link to the VOD?

Description

Time

  • Played on: Nov. 10, 2017, 7:52 a.m.
  • Length: 10:25

All games in this series

Show
View Real Time Build Order
Export as new Build Order

Bly Zerg 

Build Orders: Pool First 

Get SALT Encoding   

  12  0:17  Spawning Pool  
  11  0:22  Drone  
  11  0:27  Drone  
  13  0:31  Drone  
  14  0:40  Overlord  
  14  1:04  Zergling x4  
  14  1:05  Zergling x2  
  17  1:15  Zergling x2  
  18  1:20  Hatchery  
  17  1:27  Zergling x2  
  18  1:34  Queen  
  18  1:38  Zergling x2  
  21  1:49  Overlord  
  21  2:04  Drone  
  21  2:10  Queen, Drone  
  24  2:22  Drone  
  24  2:36  Drone x2  
  26  2:46  Drone x5  
  28  3:00  Queen, Drone x2  
  28  3:04  Extractor  
  31  3:05  Extractor  
  30  3:15  Drone x3  
  30  3:19  Roach Warren  
  32  3:27  Roach Warren, Drone x2  
  32  3:28  Drone x2  
  35  3:37  Evolution Chamber  
  34  3:42  Overlord x2  
  34  3:43  Overlord  
  34  3:52  Overlord  
  34  3:57  Lair  
  34  4:02  Spine Crawler  
  33  4:09  Roach x2  
  37  4:15  Roach x2  
  37  4:16  Roach  
  43  4:21  Roach  
  45  4:26  Roach  
  31  4:46  Zergling x2  
  31  4:47  Zergling x10  
  27  5:00  Zergling x4  
  24  5:13  Zergling x4  
  23  5:14  Queen x2  
  23  5:15  Extractor  
  25  5:23  Zergling x2  
  25  5:27  Roach Warren  
  22  5:30  Zergling x4  
  22  5:31  Zergling x2  
  15  5:59  Drone x2  
  14  6:07  Drone  
  14  6:08  Drone x2  
  17  6:14  Evolution Chamber  
  17  6:15  Evolution Chamber  
  15  6:24  Roach  
  15  6:25  Roach  
  17  6:29  Roach  
  19  6:34  Roach  
  21  6:42  Roach  
  21  6:43  Drone  
  24  6:53  Drone  
  25  7:05  Drone  
  26  7:15  Drone  
  27  7:21  Extractor  
  26  7:25  Drone x4  
  26  7:26  Drone  
  31  7:30  Drone x3  
  31  7:31  Drone  
  35  7:43  Roach  
  37  7:56  Spawning Pool  
  36  8:09  Roach x4  
  44  8:25  Hatchery  
  41  8:34  Roach x2  
  45  8:44  Roach  
  45  8:45  Roach  
  51  8:48  Roach  
  48  9:03  Roach x3  
  48  9:09  Roach  
  52  9:29  Overlord  
  52  9:32  Overlord  
  52  9:38  Ravager  
  53  9:46  Queen  
  53  9:49  Roach x3  
  53  10:05  Roach  
  53  10:06  Roach x2  
Show
View Real Time Build Order
Export as new Build Order

LiquidTLO Zerg - Winner!

Build Orders: Pool First 

Get SALT Encoding   

  12  0:00  Drone  
  13  0:13  Overlord  
  13  0:16  Drone  
  14  0:31  Drone x2  
  14  0:35  Drone  
  17  0:36  Extractor  
  16  0:45  Drone  
  17  0:51  Spawning Pool  
  17  0:57  Drone  
  17  1:07  Drone  
  18  1:28  Hatchery  
  17  1:37  Queen  
  17  1:38  Zergling x2  
  20  1:45  Baneling Nest  
  19  1:48  Zergling x2  
  19  1:51  Zergling x2  
  21  1:58  Zergling x2  
  21  2:25  Zergling x2  
  21  2:27  Overlord  
  21  2:29  Baneling x2  
  22  2:42  Zergling x2  
  22  2:43  Zergling x2  
  24  2:57  Zergling x2  
  22  3:04  Metabolic Boost  
  22  3:07  Zergling x2  
  22  3:11  Zergling x2  
  24  3:15  Zergling x2  
  24  3:18  Zergling x2  
  26  3:21  Zergling x2  
  26  3:23  Zergling x2  
  26  3:26  Zergling x2  
  28  3:30  Zergling x2  
  28  3:33  Zergling x2  
  30  3:37  Zergling x2  
  30  3:39  Zergling x2  
  32  3:44  Zergling x2  
  32  3:47  Zergling x2  
  34  3:53  Zergling x4  
  36  3:59  Overlord  
  36  4:05  Baneling x3  
  36  4:06  Baneling  
  36  4:14  Overlord  
  36  4:19  Zergling x2  
  36  4:23  Zergling x2  
  36  4:25  Zergling x4  
  36  4:27  Zergling x2  
  36  4:30  Zergling x2  
  37  4:35  Zergling x2  
  37  4:38  Zergling x2  
  37  4:42  Zergling x2  
  37  4:44  Zergling x2  
  34  4:47  Zergling x2  
  34  4:49  Zergling x2  
  34  4:52  Zergling x2  
  36  4:58  Zergling x2  
  36  4:59  Zergling x2  
  36  5:10  Zergling x4  
  34  5:18  Baneling x2  
  34  5:19  Zergling x2  
  34  5:20  Zergling x2  
  32  5:31  Zergling x2  
  32  5:32  Zergling x2  
  33  5:41  Zergling x2  
  33  5:42  Zergling x2  
  32  5:44  Zergling x4  
  32  5:45  Zergling x2  
  34  5:54  Zergling x4  
  35  6:03  Zergling x2  
  32  6:05  Drone  
  32  6:08  Baneling  
  32  6:10  Zergling x2  
  34  6:11  Zergling x2  
  34  6:12  Zergling x2  
  34  6:14  Zergling x2  
  34  6:16  Zergling x2  
  37  6:25  Drone  
  37  6:27  Drone  
  37  6:28  Queen  
  41  6:34  Roach Warren  
  41  6:37  Drone  
  42  6:40  Drone  
  42  6:47  Drone x2  
  43  6:49  Drone  
  43  6:52  Drone  
  45  6:57  Drone  
  45  6:59  Drone  
  47  7:10  Drone  
  47  7:14  Lair  
  47  7:15  Evolution Chamber  
  47  7:16  Drone  
  47  7:17  Extractor, Drone  
  47  7:20  Drone  
  49  7:23  Drone  
  49  7:24  Drone  
  51  7:32  Overlord  
  51  7:41  Zerg Missile Weapons Level 1  
  51  7:46  Overlord  
  51  7:47  Overlord x2  
  51  7:53  Drone x2  
  51  7:57  Drone x4  
  57  8:04  Roach  
  57  8:05  Roach  
  61  8:07  Roach  
  61  8:10  Roach, Extractor  
  64  8:15  Glial Reconstitution  
  64  8:17  Roach  
  66  8:20  Roach  
  66  8:26  Roach  
  70  8:28  Roach  
  70  8:32  Overlord  
  70  8:33  Roach  
  74  8:36  Roach  
  74  8:40  Roach  
  78  8:43  Roach  
  78  8:45  Overlord  
  78  8:46  Roach  
  82  8:49  Roach  
  83  8:56  Roach  
  83  8:57  Roach  
  83  8:58  Roach  
  83  9:01  Roach  
  87  9:05  Roach  
  87  9:08  Roach  
  91  9:11  Overlord  
  91  9:17  Roach x2  
  91  9:18  Roach  
  91  9:20  Roach  
  99  9:26  Overlord  
  99  9:28  Overlord  
  98  9:31  Overlord  
  97  9:45  Roach  
  97  9:46  Hatchery  
  97  9:48  Roach  
  97  9:51  Roach  
  94  9:55  Roach  
  94  9:57  Roach  
  93  10:00  Roach  
  93  10:03  Roach  
Tags
 
Add a new tag
Caveats
  • Supply blocks, unpowered buildings, or Contaminate may cause inaccurate times.
  • Supply counts are checked every 10 seconds.